 Dungeon Crawl Stone Soup version 0.19-a0-231-gae044c8 (webtiles) character file.

48 esc the Magician (level 3, -2/20 HPs)
             Began as a Deep Elf Fire Elementalist on May 24, 2016.
             Slain by a goblin
             ... wielding a +0 dagger
              (3 damage)
             ... on level 2 of the Dungeon.
             The game lasted 00:03:56 (1535 turns).

esc the Magician (Deep Elf Fire Elementalist)       Turns: 1535, Time: 00:03:57

Health: -2/20      AC:  4    Str:  5    XL:     3   Next: 50%
Magic:  1/10       EV: 13    Int: 20    God:
Gold:   48         SH:  0    Dex: 15    Spells: 2 memorised, 6 levels left

rFire  . . .     SeeInvis .     d - +0 spear (pierce)
rCold  . . .     Gourm    .     a - +0 robe
rNeg   . . .     Faith    .     (no shield)
rPois  .         Spirit   .     (no helmet)
rElec  .         Dismiss  .     (no cloak)
rCorr  .         Reflect  .     (no gloves)
SustAt .         Harm     .     (no boots)
MR     .....                    (no amulet)
Stlth  +.........               f - ring of loudness (curse) {Stlth-}
                                e - +2 ring of protection

@: not resistant to hostile enchantments, very unstealthy
A: no striking features
a: no special abilities


You were on level 2 of the Dungeon.
You were not hungry.

You visited 1 branch of the dungeon, and saw 2 of its levels.

You collected 48 gold pieces.

Inventory:

Hand Weapons
 d - a +0 spear of piercing (weapon)
   (You found it on level 1 of the Dungeon)
 g - a +2 vampiric dagger {!w}
   (You took it off a goblin on level 1 of the Dungeon)
Missiles
 h - 97 stones (quivered)
Armour
 a - a +0 robe (worn)
Jewellery
 e - a +2 ring of protection (left hand)
   (You found it on level 1 of the Dungeon)
 f - a cursed ring of loudness (right hand) {Stlth-}
   (You found it on level 2 of the Dungeon)
Scrolls
 j - a scroll of recharging
 l - 2 scrolls of teleportation
 n - a scroll of remove curse {unknown}
Potions
 k - a potion of invisibility
 m - a potion of haste {unknown}
Books
 b - a book of Flames
Comestibles
 c - a bread ration {@e1}
 i - a meat ration {@e2}


   Skills:
 + Level 1.0 Fighting
 + Level 3.2 Dodging
 - Level 2.4 Stealth
 + Level 3.8 Spellcasting
 + Level 1.4 Conjurations
 + Level 3.5 Fire Magic


You had 6 spell levels left.
You knew the following spells:

 Your Spells              Type           Power        Failure   Level  Hunger
a - Flame Tongue          Conj/Fire      ##...        6%          1    None
x - Throw Flame           Conj/Fire      ##....       10%         2    ##.....


Dungeon Overview and Level Annotations

Branches:
Dungeon (2/15)

Altars:

Annotations:
D:2 Ijyb


Message History

m - a coppery potion You open the door.
There is an open door here.
h - 52 stones (gained 21)
You see here a hunting sling.
You start resting.
Your magical contamination has completely faded away.
You regained 2 mp, and now have 8/10 mp.
A goblin comes into view. It is wielding a hunting sling.
The goblin shouts!
The goblin shoots a stone.
The stone hits you but does no damage.
You see here a stone.
Aim: a goblin, wielding a hunting sling The puff of flame hits the goblin.
You kill the goblin!
You now have 6/10 mp.
h - 53 stones (gained 1)
You start resting.
A giant cockroach comes into view.
You regained 2 mp, and now have 8/10 mp.
Aim: a giant cockroach (clinging, hasn't noticed you)
The puff of flame hits the giant cockroach.
You kill the giant cockroach!
You now have 7/10 mp.
h - 77 stones (gained 24)
You see here a hunting sling.
There is an open door here.
There is an open door here.
A kobold comes into view. It is wielding a dagger.
The kobold shouts!
MP restored: 10
Aim: a kobold, wielding a dagger The puff of flame hits the kobold.
You kill the kobold!
You now have 8/10 mp.
h - 97 stones (gained 20);
n - a scroll labeled TAGOAGO DEUG You now have 48 gold pieces (gained 21).
You see here a hunting sling.
You open the large door.
A jackal and a goblin come into view.
The jackal barks!
The jackal moves out of view.
A jackal and Ijyb come into view.
Aim: a jackal (hasn't noticed you)
The flame tongue hits the jackal.
The jackal barks!
Ijyb shouts!
You hear a shout!
The jackal moves out of view.
A goblin comes into view.
You miss the jackal.
The goblin moves out of view.
Aim: a jackal (severely wounded)
The flame tongue hits the jackal.
You kill the jackal!
The jackal closely misses you.
You now have 7/10 mp.
Aim: a jackal The flame tongue hits the jackal.
The jackal bites you but does no damage.
You now have 6/10 mp.
You closely miss the jackal. The jackal bites you. x2
The goblin closely misses you.
You take 3 damage, and have 16/20 hp.
Aim: a jackal (moderately wounded)
The flame tongue hits the jackal.
You kill the jackal!
The goblin hits you but does no damage.
You now have 5/10 mp.
You barely miss the goblin. The goblin misses you. Ijyb barely misses you.
Aim: Ijyb The flame tongue hits Ijyb.
The goblin misses you.
Aim: Ijyb (moderately wounded)
The flame tongue hits Ijyb.
Ijyb appears unharmed.
The goblin closely misses you. Ijyb hits you.
You take 3 damage, and have 13/20 hp.
You now have 4/10 mp.
Aim: Ijyb (moderately wounded)
The flame tongue hits Ijyb.
The goblin hits you but does no damage. Ijyb hits you.
You take 2 damage, and have 11/20 hp.
You now have 3/10 mp.
Aim: Ijyb (severely wounded)
The flame tongue hits Ijyb.
The goblin closely misses you. Ijyb closely misses you.
You now have 2/10 mp.
Aim: Ijyb (severely wounded)
The flame tongue hits Ijyb.
The goblin hits you but does no damage. Ijyb hits you.
You take 1 damage, and have 10/20 hp.
You now have 1/10 mp.
Aim: Ijyb (severely wounded)
The flame tongue hits Ijyb.
The goblin hits you with a dagger. The goblin misses you.
Ijyb barely misses you.
You take 1 damage, and have 9/20 hp.
You now have 0/10 mp.
You barely miss Ijyb. The goblin hits you but does no damage.
The goblin barely misses you. Ijyb hits you.
* * * LOW HITPOINT WARNING * * *
The goblin hits you but does no damage.
You take 3 damage, and have 6/20 hp.
You barely miss Ijyb. The goblin hits you.
* * * LOW HITPOINT WARNING * * *
Ijyb hits you.
* * * LOW HITPOINT WARNING * * *
The goblin hits you with a dagger.
You die...

### ########### #≈≈
......'...# #≈≈
......'†..# #≈≈####
#†..#
#≈≈...##########g..#
#≈≈...#........@g..#
#≈≈.).#.........g).#
#≈≈..##'##.....##'##
##≈≈..#...#.....#...#
..≈≈..#...#.....#.).#
#%≈≈..#...#.....#...#
#.≈≈..##'##.....##'##
#.≈≈....).#..)..#...
#.≈≈≈.....#.....#...#


You could see Ijyb and 2 goblins.

Vanquished Creatures
  A dart slug (D:1)
  A giant gecko (D:1)
  4 giant cockroaches
  8 goblins
  7 hobgoblins (D:1)
  3 jackals (D:2)
  A ball python (D:1)
  4 bats (D:1)
  3 giant newts
  4 kobolds
  3 rats (D:1)
39 creatures vanquished.

Notes
Turn   | Place    | Note
--------------------------------------------------------------
     0 | D:1      | esc the Deep Elf Fire Elementalist began the quest for the Orb.
     0 | D:1      | Reached XP level 1. HP: 10/10 MP: 6/6
   110 | D:1      | Reached XP level 2. HP: 13/16 MP: 6/8
   127 | D:1      | Learned a level 2 spell: Throw Flame
   720 | D:1      | Reached skill level 3 in Dodging
   883 | D:1      | Reached XP level 3. HP: 20/20 MP: 8/10
  1329 | D:2      | Reached skill level 1 in Fighting
  1519 | D:2      | Noticed Ijyb
  1535 | D:2      | HP: 2/20 [goblin (4)]
  1535 | D:2      | Slain by a goblin

Vault maps used:
D:1:      nicolae_arrival_memento_mori
D:2:      kennysheep_goblin_castle

Skill      XL: |  1  2  3 |
---------------+----------+-----
Dodging        | 3 |  3.2
Fighting       | 1 |  1.0
Stealth        | |  2.4
Spellcasting   | |  3.8
Conjurations   | |  1.4
Fire Magic     | |  3.5

Action                   || total
-------------------------++-------
Melee: Spear             ||    56
 Cast: Flame Tongue      ||    28
       Throw Flame       ||    14
  Use: Scroll            ||     3
 Stab: Sleeping          ||     3
  Eat: Chunk             ||     2
Armor: Robe              ||    15
Dodge: Dodged            ||    32

Vault maps used:
D:1:      nicolae_arrival_memento_mori
D:2:      kennysheep_goblin_castle

Table legend:
 A = Turns spent in this place as a percentage of turns spent in the entire game.
 B = Non-inter-level travel turns spent in this place as a percentage of non-inter-level travel turns spent in the entire game.
 C = Inter-level travel turns spent in this place as a percentage of turns spent in this place.
 D = Turns resting spent in this place as a percentage of non-inter-level travel turns spent in this place.
 E = Turns spent auto-exploring this place as a percentage of non-inter-level travel turns spent in this place.
 F = Non-inter-level travel turns spent in this place divided by the number of levels of this place that you've seen.
                   A       B       C       D       E      F
               +-------+-------+-------+-------+-------+----------------------
         Total | 100.0 | 100.0 |   0.3 |   7.4 |  10.2 | 162.5
       Dungeon | 100.0 | 100.0 |   0.3 |   7.4 |  10.2 | 162.5
               +-------+-------+-------+-------+-------+----------------------

Table legend:
 A = Kills in this place as a percentage of kills in entire the game.
 B = Kills by you in this place as a percentage of kills by you in the entire game.
 C = Kills by friends in this place as a percentage of kills by friends in the entire game.
 D = Other kills in this place as a percentage of other kills in the entire game.
 E = Experience gained in this place as a percentage of experience gained in the entire game.
 F = Experience gained in this place divided by the number of levels of this place that you have seen.
                   A       B       C       D       E      F
               +-------+-------+-------+-------+-------+----------------------
         Total | 100.0 | 100.0 |  -nan |  -nan | 100.0 |  34.5
       Dungeon | 100.0 | 100.0 |  -nan |  -nan | 100.0 |  34.5
               +-------+-------+-------+-------+-------+----------------------
